Map: Rhoskallian LE

Players

Massa - Winner!

  • Race: Terran Terran
  • League: Platinum
  • Spawn Location: 11:00

qqq - Winner!

  • Race: Protoss Protoss
  • League: Platinum
  • Spawn Location: 12:00

ATTACCA

  • Race: Protoss Protoss
  • Spawn Location: 6:00

Bajuware

  • Race: Terran Terran
  • Spawn Location: 5:00

VOD

Have the link to the VOD?

Description

Time

  • Played on: Dec. 12, 2020, 8:31 a.m.
  • Length: 31:49
Show
View Real Time Build Order
Export as new Build Order

Massa Terran - Winner!

Build Orders:  

Get SALT Encoding   

  12  0:00  SCV  
  13  0:12  SCV  
  14  0:23  Supply Depot  
  14  0:24  SCV  
  15  0:38  Refinery  
  15  0:45  SCV  
  15  0:47  Barracks  
  16  0:53  Refinery  
  16  0:57  SCV  
  17  1:09  SCV  
  18  1:21  SCV  
  18  1:24  Supply Depot  
  19  1:33  SCV  
  19  1:35  Reaper  
  21  1:46  Supply Depot  
  21  1:47  Orbital Command  
  21  2:11  Factory  
  21  2:14  Marine  
  22  2:18  SCV  
  21  2:59  Reaper  
  21  3:01  Starport  
  21  3:03  Hellion  
  24  3:09  SCV  
  25  3:22  SCV  
  26  3:34  Factory Tech Lab  
  26  3:37  Starport Tech Lab, Command Center  
  26  3:38  Barracks  
  26  3:45  Barracks  
  26  4:06  Banshee  
  26  4:08  Cloaking Field  
  29  4:21  SCV  
  30  4:27  Engineering Bay  
  30  4:29  Command Center  
  30  4:33  SCV  
  31  4:45  Barracks Reactor  
  31  4:46  Siege Tank  
  31  4:48  Banshee  
  37  4:56  Barracks Tech Lab  
  37  5:07  SCV x2  
  39  5:19  SCV x2  
  40  5:23  Siege Tank  
  43  5:31  SCV, Medivac  
  43  5:33  Orbital Command  
  43  5:34  Barracks Tech Lab  
  46  5:39  Refinery  
  46  5:40  Refinery  
  46  5:43  SCV  
  47  5:56  SCV  
  48  6:08  SCV  
  49  6:14  SCV  
  49  6:15  SCV  
  45  6:20  SCV  
  45  6:21  Cyclone  
  45  6:22  Marine x4  
  53  6:26  Stimpack  
  53  6:27  SCV x2  
  53  6:32  SCV  
  56  6:39  SCV x2  
  58  6:40  Marine x4  
  58  6:42  Factory  
  58  6:44  SCV  
  63  6:51  SCV x2  
  63  6:52  Missile Turret  
  65  6:54  Missile Turret  
  65  6:56  SCV  
  65  6:57  Armory  
  65  6:58  Marine x3, Terran Infantry Weapons Level 1  
  69  7:03  SCV  
  69  7:21  Supply Depot  
  69  7:22  Supply Depot  
  69  7:25  Sensor Tower, Supply Depot  
  69  7:30  Factory Reactor  
  69  7:35  Engineering Bay  
  69  7:43  SCV x2, Marine x4  
  75  7:46  Supply Depot  
  75  7:48  Siege Tank, Supply Depot  
  78  7:54  Missile Turret  
  78  7:55  SCV x2  
  78  7:56  Medivac  
  81  8:00  Marine x2  
  83  8:07  SCV x2  
  84  8:33  Marauder x2, Marine x2  
  90  8:40  Orbital Command  
  90  8:41  SCV  
  90  8:42  SCV  
  90  8:45  Missile Turret  
  90  8:47  Barracks  
  92  8:48  Barracks  
  92  8:49  Barracks  
  92  8:50  Marine  
  92  8:51  Widow Mine x2, Barracks, Marine  
  92  8:52  Siege Tank  
  92  8:54  SCV, Marauder x2  
  92  8:55  Terran Infantry Armor Level 1  
  106  8:59  Terran Infantry Weapons Level 2  
  106  9:05  Terran Vehicle And Ship Armor Level 1  
  106  9:08  Marine  
  107  9:13  Widow Mine  
  109  9:55  Marauder  
  109  9:56  Marauder, Medivac  
  109  9:58  Marine  
  109  9:59  Marine x2  
  109  10:03  Marine x3  
  108  10:16  Marine  
  109  10:22  Barracks Tech Lab  
  109  10:25  Barracks Reactor, Barracks Tech Lab x2  
  109  10:33  Supply Depot x2  
  109  10:34  Supply Depot  
  109  10:41  Marine  
  109  10:42  Supply Depot x2  
  109  10:54  Thor  
  109  10:55  Widow Mine x2, Marauder x2, Medivac  
  123  10:57  Supply Depot  
  123  10:58  Supply Depot  
  123  10:59  Command Center  
  123  11:01  Marauder x2  
  123  11:02  Marauder, Marine x4  
  129  11:11  Combat Shield  
  129  11:16  Widow Mine, Marauder x2  
  129  11:18  Concussive Shells  
  135  11:19  Marine x2  
  135  11:20  Marine x2  
  135  11:23  Marine x3  
  135  11:24  Medivac  
  144  11:37  Marine, Thor  
  144  11:38  Marauder  
  151  11:51  Marauder  
  151  11:52  Marauder x2, Marine x2  
  161  11:54  Widow Mine x2  
  161  11:55  Marauder  
  161  11:59  Marauder  
  161  12:20  Thor  
  114  12:40  Widow Mine x2  
  114  12:43  Marauder x5, Marine  
  114  12:44  Marine x3  
  123  12:45  Orbital Command  
  123  12:46  SCV  
  123  12:47  SCV x2  
  126  12:59  SCV x3  
  126  13:01  Marine x4  
  126  13:02  Thor  
  126  13:04  Marauder x2, Marine x2  
  126  13:05  Medivac  
  147  13:11  SCV x3  
  148  13:23  Terran Infantry Armor Level 2, SCV x2, Terran Infantry Weapons Level 3  
  150  13:31  Starport  
  150  13:34  Refinery, Command Center  
  150  13:35  Medivac  
  150  13:36  Refinery  
  152  13:54  Marine x3  
  152  13:55  Marauder x3, Marine  
  163  13:56  Marauder x2  
  163  13:59  Thor  
  163  14:00  Widow Mine x2  
  176  14:12  Marine x2  
  151  14:56  Marine x9  
  153  15:13  Marine  
  152  15:14  Marine x8  
  158  15:31  Marine  
  158  15:32  Marauder, Marine  
  158  15:33  Marauder  
  130  16:01  Marauder x5, Marine  
  130  16:02  Marine, Thor  
  130  16:04  Widow Mine x2, Planetary Fortress  
  132  16:07  SCV x3  
  132  16:08  SCV  
  130  16:20  Starport Reactor  
  130  16:21  Medivac  
  130  16:22  Marauder x3  
  130  16:25  Widow Mine, Marauder x2, Marine x4  
  144  16:28  Widow Mine  
  141  16:32  Terran Infantry Armor Level 3  
  139  16:42  Supply Depot x3  
  139  16:43  Marauder, Marine x3  
  139  16:45  Thor  
  139  16:46  Widow Mine  
  152  16:47  Refinery  
  152  16:51  Medivac  
  154  16:55  Refinery  
  153  17:05  Supply Depot  
  153  17:07  Supply Depot x2  
  144  17:21  Medivac  
  146  17:28  Thor  
  152  17:31  Supply Depot  
  152  17:32  Marauder x3, Marine x4  
  152  17:33  Marine x2  
  152  17:50  Marine x6  
  150  17:53  Marine x3  
  150  17:56  Medivac x2  
  150  17:57  Viking  
  149  18:08  Marine x6  
  149  18:11  Marine x3, Thor, Terran Vehicle Weapons Level 1  
  158  18:16  Armory  
  158  18:18  Ghost Academy  
  158  18:25  Marine  
  158  18:26  Marine x4, Viking  
  144  18:44  Widow Mine x2  
  148  18:53  Thor  
  154  18:55  Barracks  
  154  18:56  Barracks  
  154  18:57  Barracks  
  154  19:06  Widow Mine x2  
  158  19:10  Medivac x2  
  160  19:27  Widow Mine x2  
  164  19:37  Siege Tank  
  133  19:47  Marauder x5, Marine  
  144  19:58  Barracks Reactor x2, Barracks Tech Lab  
  144  20:07  Refinery  
  144  20:08  Marauder x3  
  144  20:09  Marauder x2, Siege Tank, Factory x2  
  144  20:10  Refinery  
  157  20:29  Marauder  
  157  20:30  Marauder x3  
  165  20:40  Thor  
  159  21:21  Marine  
  159  21:22  Marine x13  
  171  21:26  Hi-Sec Auto Tracking, Neosteel Armor  
  171  21:28  Personal Cloaking  
  171  21:30  Terran Vehicle And Ship Armor Level 2, Terran Vehicle Weapons Level 2  
  171  21:34  Thor  
  171  21:38  Factory Tech Lab x2  
  171  21:39  Marine x9  
  178  21:40  Marine x5  
  191  21:57  Marine x9  
  198  22:14  Marine  
  198  22:15  Marine x8  
  171  22:17  Thor  
  180  22:25  Command Center  
  176  22:33  Marine  
  176  22:36  Marauder x2  
  176  22:37  Marauder x3, Marine  
  186  22:47  Medivac x3  
  157  23:00  Thor  
  160  23:05  Marauder x2  
  160  23:06  Marauder x4, Marine  
  160  23:07  Marine x7  
  174  23:17  Medivac x3  
  169  23:24  Marine x4  
  169  23:25  Marine x4  
  161  23:27  Marauder x3  
  161  23:32  Marauder x3  
  163  23:35  Thor x2  
  175  23:43  Thor  
  175  23:47  Medivac x3  
  193  23:48  Marauder x3  
  193  23:53  Marauder  
  193  23:54  Marauder x2  
  199  24:09  Marauder  
  199  24:13  Orbital Command  
  199  24:16  Missile Turret  
  199  24:17  Missile Turret  
  199  24:18  Missile Turret  
  199  24:19  Missile Turret  
  196  24:31  Thor  
  192  24:37  Missile Turret  
  191  24:38  Missile Turret x2  
  191  24:41  Missile Turret  
  182  24:50  Marine  
  182  24:51  Marine x4  
  163  24:58  Marauder x3  
  163  24:59  Marauder x3, Marine x3  
  165  25:00  Thor x2  
  165  25:02  Widow Mine  
  169  25:08  Marine x2  
  169  25:14  Thor  
  169  25:19  Marauder  
  169  25:20  Marauder  
  153  25:28  Refinery  
  151  25:29  Refinery  
  151  25:32  Widow Mine  
  151  25:33  Widow Mine, Marauder, Marine  
  151  25:34  Marauder x2  
  162  25:36  Medivac  
  164  25:43  Thor x2  
  176  25:57  Smart Servos, Thor  
  176  25:58  Drilling Claws  
  176  26:26  Thor  
  180  27:18  Marine  
  180  27:19  Marine x13  
  191  27:36  Marine x2  
  191  27:37  Marine x9  
  190  27:38  Marauder x2  
  176  27:55  Marauder x2  
  164  28:22  Thor x3  
  178  28:28  Medivac  
  178  28:29  Medivac x2  
  179  28:58  Medivac  
  163  29:05  Thor x3  
  153  29:30  Marauder, Marine  
  153  29:31  Marauder x4  
  130  29:46  Marine  
  130  29:47  Marine x7  
  130  29:48  Marine, Thor x3  
  130  29:51  Marine  
  130  29:52  Marauder x3, Marine  
  163  30:04  Marine  
  158  30:30  Thor  
  158  30:31  Thor  
Show
View Real Time Build Order
Export as new Build Order

qqq Protoss - Winner!

Build Orders: Carriers 

Get SALT Encoding   

  12  0:00  Probe  
  13  0:13  Probe  
  14  0:23  Pylon  
  14  0:26  Probe  
  15  0:41  Probe  
  16  0:51  Forge  
  16  0:53  Probe  
  17  1:05  Probe  
  18  1:12  Pylon  
  18  1:16  Pylon  
  18  1:25  Probe  
  19  1:41  Pylon  
  19  1:45  Photon Cannon  
  19  1:46  Photon Cannon  
  17  1:52  Probe  
  18  2:04  Gateway  
  18  2:22  Probe  
  19  2:30  Pylon  
  19  2:32  Assimilator  
  19  2:33  Nexus  
  19  2:36  Assimilator  
  19  2:37  Probe  
  20  2:50  Probe (Chrono Boost)  
  21  2:54  Cybernetics Core  
  21  3:02  Probe (Chrono Boost)  
  22  3:11  Probe (Chrono Boost)  
  23  3:16  Probe  
  24  3:28  Probe  
  25  3:35  Stargate, Stalker (Chrono Boost)  
  25  3:40  Probe  
  28  3:52  Probe  
  29  4:05  Probe  
  29  4:08  Probe  
  31  4:15  Stargate  
  31  4:17  Probe  
  32  4:19  Pylon  
  32  4:20  Probe  
  33  4:28  Phoenix  
  33  4:29  Probe  
  36  4:32  Probe  
  36  4:38  Assimilator  
  37  4:41  Probe  
  37  4:42  Assimilator  
  37  4:44  Probe  
  39  4:53  Probe  
  39  4:56  Probe  
  41  5:01  Phoenix  
  41  5:05  Pylon  
  43  5:08  Probe, Phoenix  
  43  5:11  Probe  
  47  5:20  Probe  
  48  5:23  Probe  
  48  5:24  Robotics Facility  
  49  5:32  Probe  
  49  5:33  Protoss Air Weapons Level 1 (Chrono Boost)  
  49  5:35  Probe  
  51  5:41  Fleet Beacon  
  51  5:45  Probe  
  51  5:48  Phoenix  
  54  5:59  Phoenix  
  56  6:09  Nexus  
  56  6:13  Pylon  
  56  6:18  Photon Cannon  
  56  6:20  Phoenix  
  58  6:35  Photon Cannon  
  58  6:37  Photon Cannon  
  58  6:42  Photon Cannon  
  58  6:58  Carrier  
  55  7:21  Carrier  
  57  7:33  Probe (Chrono Boost)  
  57  7:35  Probe (Chrono Boost)  
  59  7:42  Photon Cannon  
  61  7:45  Probe (Chrono Boost)  
  61  7:47  Probe (Chrono Boost)  
  61  7:50  Probe (Chrono Boost)  
  61  7:53  Observer (Chrono Boost)  
  61  7:54  Probe  
  64  8:02  Probe, Tempest  
  70  8:06  Observer (Chrono Boost), Probe  
  72  8:14  Probe, Protoss Air Armor Level 1  
  72  8:19  Probe  
  74  8:25  Tempest  
  74  8:26  Observer, Probe  
  79  8:38  Probe  
  80  8:49  Nexus  
  80  8:50  Probe (Chrono Boost), Pylon  
  81  8:55  Shield Battery  
  81  9:00  Pylon  
  81  9:01  Probe (Chrono Boost)  
  82  9:06  Probe (Chrono Boost)  
  82  9:08  Tempest  
  88  9:16  Probe  
  89  9:18  Carrier  
  89  9:20  Pylon  
  89  9:23  Photon Cannon  
  95  9:25  Shield Battery  
  95  9:28  Probe  
  104  9:38  Mothership  
  104  9:41  Probe  
  104  9:42  Observer  
  104  9:45  Void Ray  
  105  9:46  Photon Cannon  
  109  10:01  Probe  
  110  10:13  Probe  
  111  10:20  Stargate  
  111  10:22  Probe, Phoenix  
  111  10:23  Stargate  
  111  10:24  Assimilator  
  111  10:25  Probe  
  111  10:28  Phoenix, Assimilator  
  117  10:34  Probe  
  118  10:37  Probe, Nexus  
  118  10:40  Pylon  
  117  10:43  Pylon  
  117  10:46  Probe  
  117  10:47  Phoenix  
  117  10:49  Probe  
  120  10:53  Phoenix  
  120  10:56  Anion Pulse-Crystals  
  122  10:59  Probe  
  123  11:09  Phoenix  
  125  11:12  Probe x2, Phoenix  
  129  11:24  Probe x2  
  125  11:36  Probe x2  
  113  11:48  Probe x2  
  109  11:59  Tempest, Carrier x2  
  109  12:00  Probe, Phoenix  
  109  12:01  Probe  
  126  12:26  Carrier  
  132  12:33  Probe x2  
  134  12:40  Photon Cannon  
  134  12:41  Observer  
  134  12:42  Tempest  
  135  12:44  Photon Cannon  
  135  12:45  Probe x2  
  135  12:48  Shield Battery  
  132  12:57  Probe x2  
  133  13:02  Observer  
  133  13:03  Phoenix x2  
  138  13:06  Assimilator  
  138  13:09  Probe x2, Assimilator  
  140  13:19  Void Ray  
  140  13:21  Probe x3  
  140  13:23  Observer  
  148  13:28  Tempest  
  148  13:33  Probe (Chrono Boost), Assimilator  
  155  13:36  Assimilator  
  155  13:38  Probe (Chrono Boost), Photon Cannon  
  155  13:41  Photon Cannon  
  155  13:44  Photon Cannon  
  155  13:58  Pylon  
  155  14:02  Pylon  
  155  14:05  Pylon  
  155  14:07  Pylon  
  155  14:08  Pylon  
  155  14:10  Pylon  
  155  14:12  Pylon  
  155  14:14  Pylon  
  155  14:15  Tempest, Pylon  
  155  14:16  Observer, Phoenix, Pylon  
  163  14:20  Tempest, Probe x3, Pylon  
  163  14:23  Phoenix  
  173  14:26  Pylon  
  164  14:32  Probe x3  
  167  14:41  Phoenix  
  167  14:45  Probe x3  
  164  14:48  Phoenix  
  162  14:57  Probe x2  
  162  14:59  Carrier  
  170  15:03  Tempest  
  148  15:17  Tempest x2  
  156  15:33  Probe  
  153  15:46  Tempest  
  158  16:00  Phoenix x2  
  158  16:03  Phoenix  
  153  16:14  Observer  
  144  16:25  Carrier, Phoenix  
  147  16:28  Carrier, Stargate  
  147  16:29  Carrier  
  147  16:31  Stargate  
  159  16:33  Stargate  
  159  16:36  Observer, Stargate  
  159  16:38  Mothership (Chrono Boost)  
  168  16:47  Protoss Air Weapons Level 2 (Chrono Boost)  
  168  16:50  Phoenix  
  159  17:15  Phoenix  
  152  17:29  Phoenix  
  148  17:32  Tempest  
  148  17:33  Tempest  
  158  17:39  Stalker  
  158  17:40  Phoenix  
  162  17:46  Nexus  
  160  17:54  Phoenix  
  160  18:05  Phoenix  
  162  18:09  Stalker  
  162  18:10  Phoenix x3  
  162  18:11  Phoenix  
  166  18:15  Phoenix  
  166  18:16  Carrier  
  152  18:32  Tempest  
  152  18:33  Carrier  
  163  18:35  Phoenix x2  
  163  18:39  Stalker  
  165  18:51  Tempest x2  
  175  19:02  Photon Cannon  
  175  19:04  Pylon  
  175  19:06  Pylon  
  175  19:09  Stalker  
  176  19:10  Photon Cannon  
  176  19:11  Photon Cannon, Pylon  
  176  19:13  Observer, Pylon  
  176  19:14  Protoss Air Armor Level 2 (Chrono Boost), Pylon  
  176  19:15  Phoenix x2, Pylon  
  176  19:16  Pylon  
  181  19:35  Observer  
  168  19:39  Stalker  
  168  19:45  Void Ray x2  
  164  19:51  Phoenix x2  
  164  19:52  Tempest  
  181  20:04  Photon Cannon  
  181  20:05  Photon Cannon  
  181  20:08  Photon Cannon  
  181  20:11  Photon Cannon  
  181  20:12  Photon Cannon  
  181  20:15  Shield Battery  
  181  20:16  Shield Battery  
  181  20:18  Shield Battery  
  181  20:21  Pylon  
  181  20:30  Phoenix x4  
  181  20:35  Nexus  
  165  20:55  Phoenix x6  
  161  21:14  Assimilator  
  161  21:18  Assimilator  
  161  21:27  Mothership  
  169  21:37  Stalker  
  171  21:41  Phoenix  
  173  21:52  Probe  
  173  21:54  Shield Battery  
  174  21:55  Shield Battery  
  174  21:57  Photon Cannon  
  174  21:58  Photon Cannon  
  173  22:04  Probe  
  173  22:07  Stalker  
  166  22:14  Phoenix x5  
  169  22:37  Stalker  
  169  22:39  Tempest x2  
  163  22:54  Phoenix  
  163  22:55  Phoenix x5  
  173  23:00  Pylon  
  173  23:02  Pylon  
  173  23:04  Observer, Pylon  
  174  23:06  Pylon  
  174  23:07  Stalker  
  176  23:25  Observer  
  167  23:37  Stalker  
  167  23:38  Tempest x2, Carrier x2  
  184  23:44  Photon Cannon  
  184  23:45  Observer  
  184  23:46  Photon Cannon  
  184  23:48  Photon Cannon  
  174  23:49  Photon Cannon  
  174  23:51  Shield Battery  
  174  23:53  Pylon  
  174  23:55  Pylon  
  168  24:06  Stalker  
  168  24:12  Phoenix x4  
  170  24:22  Tempest  
  165  24:36  Stalker  
  160  24:52  Tempest x2  
  170  24:55  Observer  
  165  25:06  Stalker  
  157  25:22  Observer  
  149  25:36  Stalker  
  149  25:37  Tempest  
  149  25:38  Tempest, Phoenix x2  
  149  25:39  Carrier  
  169  25:49  Observer  
  170  25:54  Phoenix  
  155  26:11  Observer  
  133  26:32  Tempest  
  133  26:33  Tempest x2  
  133  26:38  Stalker  
  119  27:02  Tempest  
  119  27:03  Phoenix  
  116  27:24  Phoenix x2  
  103  28:01  Nexus  
  98  28:22  Phoenix x3  
  104  28:37  Assimilator  
  104  28:42  Pylon  
  104  28:44  Pylon  
  104  28:49  Pylon  
  104  28:51  Pylon  
  103  28:56  Pylon  
  90  29:28  Pylon  
  90  29:31  Pylon  
  90  29:33  Pylon  
  90  29:34  Observer, Phoenix x2  
  90  29:35  Phoenix x2, Pylon  
  99  29:38  Pylon  
  98  29:55  Observer  
  98  29:56  Photon Cannon  
  98  29:59  Photon Cannon  
  84  30:01  Photon Cannon  
  84  30:04  Photon Cannon  
  84  30:06  Photon Cannon  
  82  30:08  Shield Battery  
  82  30:10  Shield Battery  
  82  30:14  Photon Cannon  
  53  30:35  Probe  
  53  30:41  Photon Cannon  
  51  30:44  Photon Cannon  
  51  30:45  Shield Battery  
  51  30:47  Tempest, Photon Cannon  
  56  31:13  Pylon  
  56  31:15  Pylon  
  56  31:17  Pylon  
  56  31:20  Pylon  
  56  31:31  Nexus  
  56  31:38  Nexus  
  66  31:43  Pylon  
Show
View Real Time Build Order
Export as new Build Order

ATTACCA Protoss 

Build Orders: Nexus First 

Get SALT Encoding   

  12  0:00  Probe  
  13  0:12  Probe  
  14  0:18  Pylon  
  14  0:24  Probe (Chrono Boost)  
  15  0:37  Probe (Chrono Boost)  
  16  0:45  Probe (Chrono Boost)  
  17  0:51  Probe  
  18  1:04  Nexus  
  18  1:07  Probe  
  19  1:15  Assimilator  
  19  1:19  Probe  
  19  1:25  Pylon  
  20  1:31  Probe  
  21  1:43  Probe (Chrono Boost)  
  22  1:53  Probe (Chrono Boost)  
  23  1:58  Probe (Chrono Boost)  
  24  2:10  Probe (Chrono Boost)  
  25  2:20  Probe (Chrono Boost)  
  25  2:21  Probe (Chrono Boost)  
  27  2:26  Assimilator  
  27  2:28  Probe (Chrono Boost)  
  27  2:29  Probe (Chrono Boost)  
  29  2:30  Gateway  
  29  2:36  Probe  
  30  2:48  Probe  
  30  3:00  Probe, Pylon  
  30  3:01  Probe  
  33  3:13  Probe (Chrono Boost)  
  33  3:14  Probe (Chrono Boost)  
  34  3:25  Probe (Chrono Boost)  
  34  3:26  Probe (Chrono Boost)  
  36  3:30  Cybernetics Core  
  36  3:32  Probe (Chrono Boost), Pylon  
  36  3:33  Probe (Chrono Boost)  
  38  3:38  Probe  
  38  3:39  Probe, Assimilator  
  40  3:42  Assimilator  
  40  3:45  Pylon  
  40  3:51  Probe x2  
  40  3:55  Pylon  
  42  4:03  Probe  
  42  4:06  Stargate  
  42  4:09  Stargate  
  43  4:15  Probe  
  43  4:16  Pylon  
  43  4:19  Stargate  
  43  4:27  Probe (Chrono Boost)  
  45  4:33  Probe (Chrono Boost)  
  45  4:38  Probe (Chrono Boost)  
  46  4:46  Pylon  
  46  4:48  Protoss Air Weapons Level 1 (Chrono Boost)  
  46  4:49  Pylon  
  46  4:50  Void Ray  
  46  4:51  Void Ray  
  54  5:02  Void Ray  
  58  5:29  Fleet Beacon  
  58  5:42  Void Ray  
  58  5:45  Nexus  
  58  5:48  Assimilator  
  62  5:51  Assimilator  
  62  6:08  Probe (Chrono Boost)  
  58  6:17  Probe (Chrono Boost)  
  52  6:22  Probe x2 (Chrono Boost)  
  54  6:30  Tempest x2  
  54  6:31  Tempest  
  69  6:33  Probe (Chrono Boost)  
  69  6:35  Probe (Chrono Boost)  
  71  6:44  Probe (Chrono Boost)  
  71  6:46  Probe (Chrono Boost)  
  73  6:50  Probe x2 (Chrono Boost)  
  73  6:51  Stargate  
  75  6:56  Pylon  
  75  6:58  Pylon  
  75  6:59  Probe  
  75  7:01  Probe  
  77  7:13  Probe  
  70  7:26  Probe (Chrono Boost)  
  63  7:31  Tempest x2  
  63  7:35  Probe (Chrono Boost)  
  74  7:43  Probe (Chrono Boost)  
  76  7:44  Probe (Chrono Boost)  
  76  7:49  Probe x2 (Chrono Boost)  
  77  7:52  Probe  
  77  7:54  Tempest  
  84  8:01  Probe (Chrono Boost), Protoss Air Weapons Level 2 (Chrono Boost)  
  84  8:02  Probe (Chrono Boost)  
  87  8:06  Probe (Chrono Boost)  
  87  8:13  Probe (Chrono Boost)  
  87  8:15  Nexus  
  87  8:16  Tempest  
  87  8:17  Tempest, Assimilator  
  100  8:20  Probe (Chrono Boost)  
  100  8:21  Probe x2 (Chrono Boost)  
  100  8:22  Assimilator  
  100  8:26  Probe  
  102  8:28  Probe x2  
  104  8:40  Probe x2  
  106  8:50  Tempest x2  
  106  8:52  Probe x2  
  106  8:53  Nexus  
  106  8:54  Stargate  
  118  8:55  Assimilator  
  118  8:57  Stargate  
  118  8:59  Assimilator  
  118  9:08  Probe  
  119  9:12  Tempest x2  
  129  9:20  Probe  
  129  9:21  Probe  
  131  9:31  Probe  
  131  9:32  Probe  
  133  9:41  Tempest  
  133  9:42  Tempest x2  
  148  10:05  Probe  
  149  10:18  Tempest  
  149  10:19  Probe (Chrono Boost), Tempest  
  160  10:25  Probe (Chrono Boost), Stargate  
  161  10:28  Stargate  
  161  10:35  Probe x2 (Chrono Boost)  
  163  10:38  Protoss Air Weapons Level 3 (Chrono Boost)  
  163  11:16  Pylon  
  163  11:18  Pylon  
  163  11:19  Pylon  
  163  11:33  Tempest (Chrono Boost), Probe x2  
  163  11:36  Tempest x2 (Chrono Boost)  
  163  11:39  Tempest (Chrono Boost)  
  160  11:46  Probe  
  111  12:07  Tempest (Chrono Boost)  
  111  12:08  Tempest x3 (Chrono Boost)  
  121  12:14  Probe  
  127  12:16  Tempest (Chrono Boost)  
  127  12:18  Tempest x2 (Chrono Boost)  
  127  12:21  Phoenix (Chrono Boost)  
  139  12:26  Probe  
  146  13:13  Nexus  
  146  13:16  Robotics Facility  
  146  13:17  Assimilator, Mothership (Chrono Boost), Protoss Air Armor Level 1 (Chrono Boost)  
  146  13:18  Pylon  
  146  13:21  Assimilator  
  146  13:25  Stargate  
  146  13:27  Pylon  
  146  13:29  Tempest  
  146  13:30  Tempest x4  
  146  13:32  Tempest x3  
  186  13:37  Probe (Chrono Boost)  
  186  13:39  Probe (Chrono Boost)  
  188  13:47  Probe (Chrono Boost)  
  188  13:48  Probe (Chrono Boost)  
  191  13:49  Probe (Chrono Boost)  
  191  13:52  Probe (Chrono Boost)  
  191  13:53  Probe (Chrono Boost)  
  193  13:57  Probe  
  193  14:01  Forge  
  194  14:05  Observer, Probe  
  196  14:26  Probe (Chrono Boost), Observer  
  198  14:35  Probe (Chrono Boost)  
  149  15:23  Tempest x9  
  169  16:04  Probe (Chrono Boost)  
  169  16:05  Tempest  
  169  16:06  Tempest x5  
  200  16:11  Nexus  
  200  16:23  Mothership (Chrono Boost)  
  192  16:30  Protoss Shields Level 1 (Chrono Boost)  
  200  16:39  Protoss Air Armor Level 2  
  173  17:38  Tempest  
  173  17:39  Tempest x4  
  152  19:06  Observer  
  152  19:07  Tempest x9  
  198  19:11  Protoss Air Armor Level 3 (Chrono Boost)  
  198  19:27  Observer  
  198  19:30  Twilight Council  
  189  19:49  Observer  
  190  19:58  Tempest x2  
  155  21:12  Protoss Shields Level 2  
  155  21:14  Mothership (Chrono Boost)  
  155  21:18  Tempest x7  
  199  21:32  Probe (Chrono Boost)  
  199  21:36  Probe (Chrono Boost)  
  199  21:42  Probe (Chrono Boost)  
  175  22:18  Tempest  
  175  22:19  Tempest x4  
  180  22:57  Tempest  
  180  22:58  Tempest x3  
  195  23:01  Tempest  
  195  23:33  Nexus  
  190  23:40  Tempest  
  190  23:41  Tempest x2  
  195  24:23  Tempest  
  162  24:46  Tempest x2  
  162  24:47  Tempest x5  
  152  25:19  Tempest  
  152  25:20  Tempest  
  147  25:29  Tempest x3  
  147  25:30  Tempest x3  
  178  25:35  Probe (Chrono Boost)  
  178  25:41  Assimilator  
  178  25:43  Tempest  
  178  25:44  Probe (Chrono Boost), Assimilator  
  178  25:47  Mothership (Chrono Boost)  
  178  25:49  Probe  
  188  26:02  Probe, Tempest x2  
  179  26:12  Tempest  
  119  27:01  Tempest  
  119  27:02  Tempest x3  
  78  28:17  Tempest  
  78  29:00  Tempest  
Show
View Real Time Build Order
Export as new Build Order

Bajuware Terran 

Build Orders: 2 Factory, Mech 

Get SALT Encoding   

  12  0:01  SCV  
  13  0:13  SCV  
  14  0:19  Supply Depot  
  14  0:25  SCV  
  15  0:41  SCV  
  15  0:42  Refinery  
  16  0:47  Barracks  
  16  0:53  SCV  
  17  1:05  SCV  
  18  1:17  SCV  
  19  1:34  Orbital Command  
  19  1:35  Marine  
  20  1:52  Command Center  
  20  1:53  Marine  
  22  2:19  SCV  
  22  2:22  Reaper  
  23  2:26  Refinery  
  23  2:27  Supply Depot  
  23  2:31  Engineering Bay  
  23  2:38  SCV  
  23  2:50  SCV  
  24  3:04  Orbital Command  
  24  3:08  Factory  
  24  3:17  SCV  
  25  3:21  Barracks Tech Lab  
  25  3:26  Factory  
  25  3:29  SCV  
  25  3:32  Missile Turret  
  26  3:40  SCV  
  27  3:41  SCV  
  28  3:52  SCV, Missile Turret  
  28  4:03  Factory Tech Lab  
  28  4:06  Factory  
  29  4:10  SCV x2  
  29  4:13  Refinery  
  29  4:14  Refinery, Missile Turret  
  30  4:21  Factory Reactor  
  30  4:22  SCV x2  
  32  4:34  SCV x2  
  32  4:38  Widow Mine  
  36  4:43  Missile Turret  
  36  4:46  SCV x2  
  38  4:54  Armory  
  38  4:55  Stimpack  
  38  4:59  Widow Mine, Factory Reactor  
  40  5:05  Missile Turret  
  39  5:21  Widow Mine  
  40  5:27  Missile Turret  
  40  5:28  Widow Mine x2  
  44  5:29  SCV x2  
  46  5:42  Sensor Tower  
  46  5:44  Missile Turret  
  46  5:47  SCV x2, Siege Tank, Supply Depot  
  51  5:50  Drilling Claws  
  51  5:51  Missile Turret  
  50  5:59  SCV  
  50  6:09  Supply Depot  
  50  6:29  Siege Tank  
  50  6:30  Widow Mine x2  
  57  6:38  Widow Mine x2  
  61  6:42  Hi-Sec Auto Tracking, Command Center  
  61  6:51  Widow Mine x2  
  65  6:59  Widow Mine x2  
  69  7:06  Missile Turret  
  69  7:09  Widow Mine, Supply Depot  
  69  7:11  Terran Vehicle And Ship Armor Level 1, Supply Depot  
  69  7:13  Widow Mine x2  
  69  7:15  SCV x2  
  77  7:29  Missile Turret  
  77  7:31  Widow Mine  
  79  7:39  Neosteel Armor  
  79  7:49  Factory  
  79  7:54  Starport  
  79  7:58  Supply Depot  
  63  8:29  Widow Mine x4  
  63  8:31  Starport  
  71  8:36  Factory  
  71  8:40  Widow Mine  
  75  8:43  Starport Reactor  
  75  8:50  Widow Mine x2  
  75  8:51  Widow Mine x2  
  75  8:53  Factory Tech Lab  
  81  9:02  Widow Mine  
  83  9:14  Planetary Fortress  
  83  9:16  SCV x2  
  85  9:19  Terran Infantry Armor Level 1  
  85  9:20  Factory  
  85  9:23  Siege Tank  
  88  9:28  SCV  
  89  9:42  Missile Turret  
  87  9:45  Missile Turret x2  
  85  9:54  Widow Mine  
  85  9:55  Widow Mine x5, Siege Tank  
  100  10:04  Sensor Tower  
  100  10:06  Missile Turret  
  90  10:10  Missile Turret  
  90  10:13  Factory Reactor  
  86  10:16  Widow Mine x5  
  86  10:19  Viking x3  
  102  10:22  Missile Turret  
  102  10:23  Missile Turret  
  102  10:25  SCV x2  
  102  10:27  SCV  
  105  10:37  SCV  
  105  10:42  Missile Turret x2  
  106  10:49  Viking x2  
  100  11:10  Widow Mine x4  
  108  11:13  Supply Depot  
  108  11:16  Supply Depot  
  108  11:17  Supply Depot  
  108  11:18  Supply Depot  
  108  11:20  Siege Tank, Missile Turret, Supply Depot  
  108  11:21  Siege Tank  
  108  11:23  Missile Turret  
  114  11:31  Widow Mine  
  116  11:35  Widow Mine x3  
  110  11:42  Missile Turret  
  110  11:45  Widow Mine  
  112  11:53  Widow Mine x2, Siege Tank  
  119  12:00  Widow Mine  
  119  12:01  Widow Mine x2  
  125  12:06  Widow Mine, Starport Reactor  
  125  12:07  Viking x2  
  98  12:31  Widow Mine  
  98  12:32  Widow Mine x6  
  99  12:53  Widow Mine x6  
  99  12:54  Widow Mine  
  113  13:11  Refinery, SCV  
  113  13:12  SCV x2  
  114  13:14  Widow Mine x2  
  114  13:15  Starport  
  118  13:24  SCV  
  118  13:27  Widow Mine x4  
  127  13:36  Widow Mine x3  
  127  13:37  SCV x3  
  136  13:49  SCV x3  
  136  13:52  Starport  
  139  14:00  Refinery  
  100  15:00  Siege Tank  
  100  15:01  Widow Mine x4, Siege Tank  
  100  15:02  Widow Mine, Viking x3  
  100  15:03  Viking  
  118  15:16  Missile Turret  
  116  15:22  Widow Mine  
  116  15:23  Widow Mine  
  116  15:27  Widow Mine x3  
  125  15:32  Viking x3  
  125  15:33  Viking  
  109  16:14  Viking x4  
  113  16:38  SCV  
  113  16:39  SCV x2  
  116  16:44  Viking x4  
  124  16:50  SCV  
  124  16:51  SCV x2  
  115  17:03  SCV x3  
  116  17:13  Viking  
  116  17:14  Viking x3  
  116  17:15  SCV x2  
  122  17:18  Widow Mine  
  122  17:19  Widow Mine x4  
  128  17:41  Widow Mine x2  
  128  17:42  Widow Mine x2  
  134  18:12  Widow Mine x4  
  144  18:13  Widow Mine x3  
  144  18:33  Widow Mine  
  144  18:34  Widow Mine x4  
  132  18:36  Widow Mine x2  
  132  18:55  Widow Mine x4  
  140  18:59  Widow Mine x3  
  146  19:18  Viking x4  
  146  19:23  Refinery  
  150  19:24  Refinery  
  126  19:39  Widow Mine  
  126  19:40  Widow Mine  
  122  19:48  Viking x2  
  126  19:53  Widow Mine x2  
  126  19:54  Widow Mine  
  126  19:56  SCV  
  93  21:21  Widow Mine x3  
  93  21:22  Widow Mine x4  
  107  21:31  Missile Turret  
  107  21:32  Missile Turret  
  107  21:33  Command Center  
  107  21:42  Widow Mine  
  107  21:43  Widow Mine x2  
  107  21:44  Widow Mine x4  
  121  21:49  Missile Turret  
  121  21:52  Missile Turret x2  
  121  21:56  Missile Turret  
  121  21:57  Missile Turret  
  121  22:04  Widow Mine x3  
  121  22:05  Widow Mine  
  121  22:06  Widow Mine x3  
  133  22:12  Missile Turret  
  133  22:15  Missile Turret  
  113  22:18  Missile Turret  
  103  22:25  Widow Mine x2  
  103  22:26  Widow Mine  
  103  22:27  Widow Mine x4  
  109  22:47  Widow Mine x3  
  109  22:48  Widow Mine x2, Siege Tank x2  
  94  23:08  Widow Mine x2  
  98  23:20  Siege Tank  
  93  23:55  Terran Ship Weapons Level 1  
  93  24:07  Missile Turret x2  
  93  24:11  Missile Turret  
  91  24:27  Missile Turret  
  91  24:33  Missile Turret  
  89  24:41  Missile Turret x2  
  64  24:46  Viking x3  
  50  25:25  Widow Mine x4  
  50  25:26  Widow Mine  
  58  25:30  Widow Mine x2  
  58  25:31  Marine  
  63  25:46  Widow Mine x2  
  63  25:47  Widow Mine, Hellion x2  
  63  25:48  Marine  
  74  25:51  Hellion x2  
  78  26:03  Missile Turret  
  78  26:05  Missile Turret x3  
  78  26:06  Marine  
  78  26:08  Hellion x5, Missile Turret  
  88  26:13  Hellion x2  
  86  26:24  Marine  
  85  26:29  Hellion x3  
  88  26:37  Widow Mine x4  
  95  26:42  Marine  
  96  26:50  Widow Mine  
  96  26:51  Widow Mine x2  
  102  26:58  Widow Mine  
  102  26:59  Widow Mine x3  
  98  27:12  Widow Mine x3  
  104  27:20  Widow Mine x4  
  112  27:33  Widow Mine x2  
  67  28:13  Widow Mine x5  
  67  28:14  Widow Mine x2  
  53  28:34  Widow Mine x2  
  53  28:35  Widow Mine x5  
  67  28:56  Widow Mine, Hellion x6  
  73  29:17  Hellion x4  
  73  29:18  Hellion x3  
  77  29:38  Widow Mine  
  77  29:39  Widow Mine x3  
  77  29:40  Widow Mine x3  
  89  30:00  Widow Mine x4  
  89  30:01  Widow Mine x2  
  71  30:34  Widow Mine  
  71  30:35  Widow Mine x4  
  73  30:46  Widow Mine  
  73  31:01  Missile Turret  
  68  31:10  Missile Turret  
  66  31:11  Missile Turret  
Tags
 
Add a new tag
Caveats
  • Supply blocks, unpowered buildings, or Contaminate may cause inaccurate times.
  • Supply counts are checked every 10 seconds.